 Dungeon Crawl Stone Soup version 0.26-a0-660-gc07710193c (webtiles) character file.

Game seed: 8753369446406966139

15 tom967 the Firebug (level 2, 0/19 HPs)
             Began as a Demonspawn Fire Elementalist on Oct 7, 2020.
             Succumbed to an adder's poison
             ... on level 1 of the Dungeon.
             The game lasted 00:07:07 (819 turns).

tom967 the Firebug (Demonspawn Fire Elementalist)    Turns: 819, Time: 00:07:08

Health: 0/19       AC:  2    Str:  8    XL:     2   Next: 34%
Magic:  4/5        EV: 12    Int: 16    God:
Gold:   73         SH:  0    Dex: 13    Spells: 4/5 levels left

rFire    . . .     SeeInvis .   g - +0 hand axe
rCold    . . .     Faith    .   (no shield)
rNeg     . . .     Spirit   .   a - +0 robe
rPois    .         Reflect  .   (no helmet)
rElec    .         Harm     .   (no cloak)
rCorr    .         Rampage  .   (no gloves)
MR       .....     Rnd*Tele +   (no boots)
Stlth    ++........             (no amulet)
HPRegen  0.06/turn              b - ring of flight
MPRegen  0.09/turn              h - ring of teleportation (curse)

@: lethally poisoned (0 -> -9)
A: hooves 1
a: Evoke Flight


You were on level 1 of the Dungeon.
You visited 1 branch of the dungeon, and saw 2 of its levels.

You collected 73 gold pieces.

Inventory:

Hand Weapons
 d - a +0 hunting sling
 g - a +0 hand axe (weapon)
Missiles
 c - 63 stones (quivered)
 f - 35 bolts
Armour
 a - a +0 robe (worn)
Jewellery
 b - a ring of flight (left hand)
 h - a cursed ring of teleportation (right hand)
Potions
 e - 2 potions of lignification {unknown}


   Skills:
 + Level 2.1 Dodging
 - Level 1.8 Stealth
 * Level 2.2 Spellcasting
 + Level 1.0 Conjurations
 * Level 3.0 Fire Magic
 + Level 0.0 Evocations


You had 4 spell levels left.
You knew the following spells:

 Your Spells              Type           Power        Failure   Level
a - Foxfire               Conj/Fire      #...         9%          1

Your spell library contained the following spells:

 Spells                   Type           Power        Failure   Level
 Conjure Flame            Conj/Fire      #.......     26%         3
 Inner Flame              Hex/Fire       #.......     32%         3
 Sticky Flame             Conj/Fire      #.......     65%         4
 Fireball                 Conj/Fire      #.........   94%         5


Dungeon Overview and Level Annotations

Branches:
Dungeon (2/15)

Altars:


Innate Abilities, Weirdness & Mutations

You have large cloven feet.


Message History

You miss the adder. Your kick misses the adder.
The adder is severely wounded.
You feel sick. The adder barely misses you. x2
Your foxfire dissipates!
There is a stone staircase leading up here.
Casting: Foxfire (safe; 9% risk of failure)
Confirm with . or Enter, or press ? or * to list all spells.
You conjure some foxfire!
The adder barely misses you. The adder bites you.
* * * LOW HITPOINT WARNING * * *
You can't go down here!
The adder barely misses you.
You climb upwards.
Your mindless thrall stays behind.
* * * LOW HITPOINT WARNING * * *
You feel sick.
There is a stone staircase leading down here.
The adder bites you.
* * * LOW HITPOINT WARNING * * *
You are more poisoned.
The adder poisons you!
You die...

####### ##### #.....#
#...#
##.....######.[.####
.'.....'....'...>S.#
##.....######....###
#.....# #...@######
#.....# ##+#......#
#...### #.#......#
##...## #[#......#
.#....########.#......#
.+....................#
+#...#########.##..####
...#.........####..#
...#.....>...# ##.#


You could see an adder.

Vanquished Creatures
  2 bats (D:1)
  A giant cockroach (D:1)
  4 hobgoblins (D:1)
  A ball python (D:2)
  3 goblins (D:1)
  A kobold (D:1)
  A rat (D:1)
13 creatures vanquished.

Vanquished Creatures (others)
  28 foxfires
28 creatures vanquished.

Grand Total: 41 creatures vanquished

Notes
Turn   | Place    | Note
-------+----------+-------------------------------------------
     0 | D:1      | tom967 the Demonspawn Fire Elementalist began the quest for
                  | the Orb.
     0 | D:1      | Reached XP level 1. HP: 13/13 MP: 3/3
   142 | D:1      | Reached skill level 3 in Fire Magic
   142 | D:1      | Gained mutation: You have large cloven feet. [demonic
                  | ancestry]
   142 | D:1      | Reached XP level 2. HP: 5/19 MP: 0/5
   819 | D:1      | Succumbed to an adder's poison

Illustrated notes

Levels and vault maps discovered:
D:1:      lightli_iron_boxes, layout_basic
D:2:      layout_loops_cross, minmay_misc_feat_four_crosses, minmay_liquid_box,
          uniq_robin, uniq_terence

Skill      XL: |  1 |
---------------+----+-----
Dodging        | 2 |  2.1
Fire Magic     | 3 |  3.0
Stealth        | |  1.8
Spellcasting   | |  2.2
Conjurations   | |  1.0

Action                   || total
-------------------------++-------
Melee: Unarmed           ||    20
       Hand axe          ||     9
       Kick              ||     2
 Cast: Foxfire           ||    21
 Stab: Sleeping          ||     1
Armor: Robe              ||     6
Dodge: Dodged            ||    33

Table legend: (Time is in decaauts)
 A = Elapsed time spent in this place.
 B = Non-inter-level travel time spent in this place.
 C = Inter-level travel time spent in this place.
 D = Time resting spent in this place.
 E = Time spent auto-exploring this place.
 F = Levels seen in this place.
 G = Mean time per level.
                   A        B        C        D        E       F      G
               +--------+--------+--------+--------+--------+-----+--------+
         Total |    820 |    668 |    152 |    313 |    237 |   2 |  410.0 |
       Dungeon |    820 |    668 |    152 |    313 |    237 |   2 |  410.0 |
               +--------+--------+--------+--------+--------+-----+--------+

Top non-repeatable levels by time:
     D:1: 808 daAuts
     D:2: 12 daAuts
